 Dungeon Crawl Stone Soup version 0.19-a0-1341-g3513869 (webtiles) character file.

117 hairmachine the Chiller (level 5, -1/42 HPs)
             Began as a Naga Ice Elementalist on Sept 1, 2016.
             Slain by a giant frog skeleton (5 damage)
             ... on level 3 of the Dungeon.
             The game lasted 00:12:42 (3210 turns).

hairmachine the Chiller (Naga Ice Elementalist)     Turns: 3210, Time: 00:12:43

Health: -1/42      AC:  2    Str:  7 (10) XL:     5   Next: 1%
Magic:  2/8        EV: 15    Int: 13 (16) God:
Gold:   203        SH:  0    Dex: 14 (17) Spells: 3 memorised, 2 levels left

rFire  . . .     SeeInvis +     q - +1 short sword (venom)
rCold  . . .     Gourm    .     a - +0 robe
rNeg   . . .     Faith    .     (no shield)
rPois  +         Spirit   .     (no helmet)
rElec  .         Dismiss  .     (no cloak)
rCorr  .         Reflect  .     (no gloves)
MR     .....     Harm     .     (no barding)
Stlth  ++++......               (no amulet)
                                (no ring)
                                (no ring)

@: agile, very slow
A: see invisible, deformed body, poison resistance, slowness 2, slow metabolism
1, spit poison 2, AC +1
a: Spit Poison


You were on level 3 of the Dungeon.
You were not hungry.

You visited 1 branch of the dungeon, and saw 3 of its levels.

You collected 203 gold pieces.

Inventory:

Hand Weapons
 q - a +1 short sword of venom (weapon)
Missiles
 i - 141 stones (quivered)
Armour
 a - a +0 robe (worn)
 l - a +0 leather armour
Jewellery
 w - a cursed ring of loudness {unknown}
Scrolls
 d - 2 scrolls of immolation
 e - 2 scrolls of identify
 j - a scroll of random uselessness {unknown}
 k - a scroll of fear {unknown}
 m - a scroll of fog {unknown}
 p - a scroll of blinking {unknown}
 s - a scroll of remove curse {unknown}
 v - a scroll of amnesia {unknown}
 x - a scroll of noise {unknown}
Potions
 o - a potion of lignification {unknown}
 t - a potion of flight {unknown}
Books
 b - a book of Frost

   Spells                             Type                      Level
   a - Freeze                         Ice                          1
   b - Throw Frost                    Conjuration/Ice              2
   c - Ozocubu's Armour               Charms/Ice                   3
   d - Throw Icicle                   Conjuration/Ice              4
   e - Summon Ice Beast               Ice/Summoning                4
Comestibles
 c - 2 bread rations
 r - 2 meat rations
 z - 4 fruits


   Skills:
 + Level 0.2 Short Blades
 - Level 1.5 Dodging
 + Level 3.6 Stealth
 - Level 2.0 Spellcasting
 - Level 1.0 Conjurations
 * Level 5.3 Ice Magic


You had 2 spell levels left.
You knew the following spells:

 Your Spells              Type           Power        Failure   Level  Hunger
a - Freeze                Ice            ###.         3%          1    ##.....
b - Throw Frost           Conj/Ice       #.....       12%         2    ###....
c - Ozocubu's Armour      Chrm/Ice       #.......     28%         3    ####...


Dungeon Overview and Level Annotations

Branches:
Dungeon (3/15)

Altars:


Innate Abilities, Weirdness & Mutations

You cannot wear boots.
Your serpentine skin is tough. (AC +1)
You have supernaturally acute eyesight. (SInv)
Armour fits poorly on your strangely shaped body.
Your system is resistant to poisons. (rPois)
You cover ground very slowly.
You have a slow metabolism.
You can spit poison.


Message History

The giant frog skeleton closely misses you.
It was a potion of agility.
You feel agile all of a sudden. The giant frog skeleton misses you.
As you read the scroll labeled AXTETHIA ISAWO, it crumbles to dust.
It is a scroll of identify.
d - 2 scrolls of immolation The giant frog skeleton misses you.
As you read the scroll labeled PINEZI ZYHUUCESEUD, it crumbles to dust.
It is a scroll of recharging.
You aren't carrying any rechargeable items.
The giant frog skeleton hits you.
* * * LOW HITPOINT WARNING * * *
The giant frog skeleton hits you but does no damage.
Okay, then.
It was a potion of degeneration.
There was something very wrong with that liquid.
You feel weakened.
You feel dopey.
You feel clumsy. The giant frog skeleton hits you.
You die...

..................(.(...
..##...........######.#
####.....#### ### #
#.....# #.. #.....# #.#
##.....# #.#
#########w.....# #.#
#.......#Z###### #.# #
#.####..#@# #.###
#.####..#.# ####.##.
#.##......#########......#
#.....>...........#.####..
#.##.#..#.#######<#.####.#
#......)#.......#........#
#.#..#.##.#####.##..#.##.#
#.#.##.##.#####.##.......#
#......##....##.##.#.###.#


You could see a worm and a giant frog skeleton.

Vanquished Creatures
  5 adders
  A worm (D:2)
  A dart slug (D:1)
  3 giant geckos
  A ball python (D:2)
  4 giant cockroaches
  7 goblins
  12 hobgoblins
  4 jackals (D:3)
  5 kobolds
  4 quokkas
  4 bats
  3 giant newts
  4 rats
58 creatures vanquished.

Notes
Turn   | Place    | Note
-------+----------+-------------------------------------------
     0 | D:1      | hairmachine the Naga Ice Elementalist began the quest for the Orb.
     0 | D:1      | Reached XP level 1. HP: 15/15 MP: 3/3
   216 | D:1      | Reached XP level 2. HP: 16/22 MP: 0/5
   749 | D:1      | Reached skill level 4 in Ice Magic
   772 | D:1      | Learned a level 2 spell: Throw Frost
  1065 | D:1      | Reached XP level 3. HP: 28/28 MP: 6/6
  1448 | D:2      | Learned a level 3 spell: Ozocubu's Armour
  1801 | D:2      | Reached XP level 4. HP: 31/36 MP: 4/7
  2344 | D:2      | Reached skill level 5 in Ice Magic
  3191 | D:3      | Reached XP level 5. HP: 37/42 MP: 2/8
  3210 | D:3      | Slain by a giant frog skeleton

Vault maps used:
D:1:      roderic_octagonal_star
D:2:      kennysheep_generic_room_8
D:3:      ecumenical_altar_2

Skill      XL: |  1  2  3  4 |
---------------+-------------+-----
Ice Magic      | 4 5 |  5.3
Short Blades   | |  0.2
Dodging        | |  1.5
Stealth        | |  3.6
Spellcasting   | |  2.0
Conjurations   | |  1.0

Action                   |  1- 3 |  4- 6 || total
-------------------------+-------+-------++-------
Melee: Club              |     2 |       ||     2
       Dagger            |     8 |       ||     8
       Short sword       |     1 |    43 ||    44
Throw: Stone             |    13 |       ||    13
 Cast: Freeze            |    42 |    13 ||    55
       Throw Frost       |     4 |     6 ||    10
  Use: Potion            |       |     3 ||     3
       Scroll            |       |     2 ||     2
 Stab: Sleeping          |     2 |     6 ||     8
       Distracted        |     1 |       ||     1
  Eat: Chunk             |     3 |     4 ||     7
Armor: Robe              |     6 |     7 ||    13
Dodge: Dodged            |    24 |    40 ||    64
